 Dungeon Crawl Stone Soup version 0.17-a0-2093-gc772f4b (webtiles) character file.

102 septik the Digger (level 4, -2/24 HPs)
             Began as a Gargoyle Earth Elementalist on Oct 16, 2015.
             Killed from afar by an orc wizard (7 damage)
             ... with a magic dart
             ... on level 2 of the Dungeon.
             The game lasted 00:20:19 (3224 turns).

septik the Digger (Gargoyle Earth Elementalist)     Turns: 3224, Time: 00:20:27

Health: -2/24      AC:  5    Str: 11    XL:     4   Next: 77%
Magic:  6/9        EV: 12    Int: 17    God:
Gold:   81         SH:  0    Dex: 10    Spells: 3 memorised, 4 levels left

rFire  . . .     SeeInvis .     a - 62 stones
rCold  . . .     Clarity  .     o - +0 robe
rNeg   + . .     SustAt   .     (no shield)
rPois  ∞         Gourm    .     (no helmet)
rElec  +         Spirit   .     (no cloak)
rCorr  .         Warding  .     (no gloves)
rMut   .         Stasis   .     (no boots)
MR     .....                    (no amulet)
Stlth  ++........               (no ring)
                                (no ring)

@: very slightly contaminated, not resistant to hostile enchantments, unstealthy
A: negative energy resistance 1, electricity resistance, unbreathing,
petrification resistance, rot immunity, AC +3
a: no special abilities


You were on level 2 of the Dungeon.
You were not hungry.

You visited 1 branch of the dungeon, and saw 3 of its levels.

You collected 81 gold pieces.

Inventory:

Hand Weapons
 b - a +0 whip
 g - a +0 dagger
Missiles
 a - 62 stones (in hand)
 k - 10 steel bolts
 n - 21 bolts
Armour
 o - a +0 robe (worn)
Jewellery
 m - an uncursed amulet of resist mutation {unknown}
Wands
 i - a wand of random effects (13)
Scrolls
 e - 3 scrolls of identify {unknown}
 h - 2 scrolls of teleportation {unknown}
 p - a scroll of immolation {unknown}
 r - a scroll of enchant weapon {unknown}
Potions
 j - a potion of resistance {unknown}
 l - a potion of flight {unknown}
 q - 2 potions of might {unknown}
 t - a potion of heal wounds {unknown}
Books
 c - a book of Geomancy

   Spells                             Type                      Level
   a - Sandblast                      Earth                        1
   b - Stoneskin                      Transmutation/Earth          2
   c - Passwall                       Transmutation/Earth          3
   d - Stone Arrow                    Conjuration/Earth            3
   e - Petrify                        Transmutation/Earth          4
   f - Lee's Rapid Deconstruction     Earth                        5
Comestibles
 d - 3 bread rations
 f - 4 meat rations
 s - 3 chunks of flesh


   Skills:
 - Level 1.5 Dodging
 - Level 2.1 Stealth
 * Level 3.6 Spellcasting
 + Level 1.8 Conjurations
 - Level 0.7 Transmutations
 + Level 4.2 Earth Magic


You had 4 spell levels left.
You knew the following spells:

 Your Spells              Type           Power        Failure   Level  Hunger
a - Sandblast             Erth           ###...       2%          1    None
b - Stoneskin             Trmt/Erth      ##......     12%         2    ##.....
c - Stone Arrow           Conj/Erth      ##....       17%         3    ###....


Dungeon Overview and Level Annotations

Branches:
Dungeon (3/15)

Altars:

Annotations:
D:3 Robin


Innate Abilities, Weirdness & Mutations

You are resistant to torment.
Your stone body is resilient (AC +3).
You are immune to poison.
You resist negative energy.
You are resistant to electric shocks.
You can survive without breathing.
You are immune to petrification.
You are immune to rotting.


Message History

Aiming: Sandblast
Press: ? - help, Shift-Dir - straight line, f - orc wizard
Aim: an orc wizard, wielding a dagger and wearing a robe (fast)
You miscast Sandblast.
You are very lightly contaminated with residual magic.
You feel momentarily lethargic.
The orc wizard hits you but does no damage.
The orc completely misses you.
Casting: Sandblast
Confirm with . or Enter, or press ? or * to list all spells.
Aiming: Sandblast
Press: ? - help, Shift-Dir - straight line, f/p - orc wizard
Aim: an orc wizard, wielding a dagger and wearing a robe (fast)
The rocky blast hits the orc wizard.
The orc wizard is moderately wounded.
The orc wizard hits you with a dagger.
* * * LOW HITPOINT WARNING * * *
The orc wizard gestures at you while chanting.
The magic dart hits you!
You die...

#.........###.##.###'#######.####
#.........# #..#.###.#........#
#.........# ##.....#.#.########
#.........# #.....#.#.# ##
'.........# #.....#.#.# #.
#.........####.....#.#.# #.
.........#.........#.#.##########
##########......oo.#.#...........
....#### #......@..#.############
.......# #.....#)###.#...........
###.##.# #.....#.# #.#.#########.
.....#.# #.....#.# #.#.#.........
###..#.# #######.# #.#.#.........
#..#.# #.# #.#.#########.
###..#.# #.# #.#.#<........
.....#.# #.# #.#.#...###.#.
###..#.# #.# #.#.#######.#.


You could see an orc wizard and an orc.

Vanquished Creatures
  The ghost of brucemayne the Chopper, a weakling HOBe of Trog (D:3)
  2 adders (D:2)
  3 worms (D:2)
  2 giant geckos
  An orc (D:2)
  3 ball pythons
  3 giant cockroaches
  11 goblins
  5 hobgoblins
  6 bats
  2 giant newts
  9 kobolds
  8 rats
56 creatures vanquished.

Notes
Turn   | Place    | Note
--------------------------------------------------------------
     0 | D:1      | septik the Gargoyle Earth Elementalist began the quest for the Orb.
     0 | D:1      | Reached XP level 1. HP: 10/10 MP: 3/3
   268 | D:1      | Reached XP level 2. HP: 15/15 MP: 2/5
   274 | D:1      | Learned a level 2 spell: Stoneskin
   756 | D:1      | Reached skill level 4 in Earth Magic
   962 | D:1      | Reached XP level 3. HP: 19/19 MP: 5/7
   986 | D:1      | Learned a level 3 spell: Stone Arrow
  1624 | D:2      | Reached skill level 1 in Conjurations
  2404 | D:2      | Reached XP level 4. HP: 24/24 MP: 2/8
  3030 | D:3      | Noticed brucemayne's ghost (weakling HOBe)
  3125 | D:3      | Killed brucemayne's ghost
  3197 | D:3      | Noticed Robin
  3224 | D:2      | Killed from afar by an orc wizard

Vault maps used:
D:1:      dpeg_arrival_rhombi
D:2:      first_bread
D:3:      old_standard_altar, ecumenical_altar_1, kennysheep_generic_room_12,
          uniq_robin, uniq_purgy

Action                   |  1- 3 |  4- 6 || total
-------------------------+-------+-------++-------
Melee: Dagger            |    27 |       ||    27
       Whip              |       |     8 ||     8
Throw: Stone             |     4 |     3 ||     7
 Cast: Sandblast         |    79 |    38 ||   117
 Stab: Sleeping          |     1 |       ||     1
  Eat: Chunk             |     5 |     2 ||     7
